 Dungeon Crawl Stone Soup version 0.31-a0-218-g813d01f837 (webtiles) character file.

Game seed: 4077214586688620206

152 qw the Shooter (level 5, -1/45 HPs)
             Began as a Minotaur Hexslinger on July 3, 2023.
             Killed from afar by Ijyb (13 damage)
             ... with a bolt of light
             ... on level 3 of the Dungeon.
             The game lasted 00:01:04 (1874 turns).

qw the Shooter (Minotaur Hexslinger)                Turns: 1874, Time: 00:01:05

Health: -1/45      AC:  5    Str: 13    XL:     5   Next: 11%
Magic:  0/5        EV: 12    Int: 10    God:
Gold:   107        SH:  0    Dex: 14    Spells: 5/6 levels left

rFire   . . .        Y - +1 sling
rCold   . . .        (no shield)
rNeg    . . .        f - +0 leather armour
rPois   .            (helmet restricted)
rElec   .            (no cloak)
rCorr   .            e - +1 pair of gloves
SInv    .            (no boots)
Will    .....        h - amulet of guardian spirit
Stlth   +            (no ring)
HPRegen 0.27/turn    (no ring)
MPRegen 0.09/turn

%: guardian spirit
@: confused
A: horns 2, retaliatory headbutt
a: no special abilities


You were on level 3 of the Dungeon.
You visited 1 branch of the dungeon, and saw 3 of its levels.

You collected 107 gold pieces.


Innate Abilities, Weirdness & Mutations

You have a pair of horns on your head.
You reflexively headbutt those who attack you in melee.


   Skills:
 - Level 3.0 Fighting
 + Level 5.3 Ranged Weapons
 - Level 2.1 Dodging
 - Level 1.0 Spellcasting
 - Level 2.0 Hexes


You had 5 spell levels left.
You knew the following spells:

 Your Spells              Type           Power      Damage    Failure   Level
a - Slow                  Hex            16%        N/A       19%         1

Your spell library contained the following spells:

 Spells                   Type           Power      Damage    Failure   Level
 Inner Flame              Hex/Fire       2%         N/A       65%         3
 Portal Projectile        Hex/Tloc       4%         N/A       65%         3
 Cause Fear               Hex            2%         N/A       88%         4

Inventory:

Hand Weapons
 Y - a +1 sling (weapon)
Armour
 e - a +1 pair of gloves (worn)
 f - a +0 leather armour (worn)
Jewellery
 h - an amulet of guardian spirit (around neck)
Scrolls
 a - 4 scrolls of identify
 d - a scroll of teleportation
Potions
 b - a potion of resistance
 c - 2 potions of might

Dungeon Overview and Level Annotations

Branches:
Dungeon (3/15)

Altars:
Ru
Vehumet

Annotations:
D:3 Ijyb


Message History

Enter note:
Enter note:
Enter note:
Enter note: You shoot a sling bullet.
The sling bullet hits the goblin!
You kill the goblin!
There is an open door here.
You open the large door. 2 goblins come into view.
The goblin shouts!
Ijyb the Twisted Goblin comes into view.
She is wielding a +0 dagger and carrying a wand of light (11).
Enter note:
Enter note:
Enter note:
Enter note:
Enter note:
Enter note: You shoot a sling bullet.
The goblin shouts!
The sling bullet hits the goblin.
The goblin is severely wounded.
Ijyb screams, "No!
No, no, no, no!"
You shoot a sling bullet. The sling bullet hits the goblin.
You kill the goblin!
You shoot a sling bullet. The sling bullet hits the goblin.
You kill the goblin!
You shoot a sling bullet.
The sling bullet hits Ijyb but does no damage.
Ijyb zaps a wand.
The bolt of light hits you!
You shoot a sling bullet. The sling bullet barely misses Ijyb.
Ijyb zaps a wand.
The bolt of light hits you!
You are confused.
Ijyb zaps a wand.
The bolt of light misses you.
You feel less confused.
Ijyb zaps a wand.
The bolt of light hits you!
You shoot a sling bullet. The sling bullet hits Ijyb.
Ijyb is lightly wounded.
Ijyb zaps a wand.
The bolt of light hits you!
You are confused.
You die...

#################
##~~..#...#......#
#~~~.)'...'......#
##~~~..#...#....@.#
#~~#########..##g'#
#~~#..........#...#
.%.)%.........#.).#
...)..........#...#
...'..........#...#
#~~#..).......#...#
#~~#########..#...#
##~~~..#..)#..#


You could see Ijyb.

Vanquished Creatures
  3 gnolls (D:2)
  6 adders
  A worm (D:2)
  A dart slug (D:1)
  2 endoplasms
  2 giant cockroaches (D:2)
  11 goblins
  5 hobgoblins
  3 jackals (D:3)
  3 kobolds
  4 quokkas
  6 ball pythons
  5 bats
  2 frilled lizards
  10 rats
64 creatures vanquished.

Notes
Turn   | Place    | Note
-------+----------+-------------------------------------------
     0 | D:1      | qw the Minotaur Hexslinger began the quest for the Orb.
     0 | D:1      | Reached XP level 1. HP: 16/16 MP: 1/1
     0 | D:1      | 0 ||| qw: Version: 0.3-a-40-ge99b1a8
     0 | D:1      | 0 ||| qw: Game counter: 305
     0 | D:1      | 0 ||| qw: Melee chars always use a shield: true
     0 | D:1      | 0 ||| qw: God list: Okawaru
     0 | D:1      | 0 ||| qw: Allow faded altars: false
     0 | D:1      | 0 ||| qw: Do Orc after clearing Dungeon:15 true
     0 | D:1      | 0 ||| qw: Do second Lair branch before Depths: true
     0 | D:1      | 0 ||| qw: Lair rune preference: random
     0 | D:1      | 0 ||| qw: Goals: Normal
     0 | D:1      | 0 ||| PLANNING D:1-11
    85 | D:1      | Reached skill level 3 in Ranged Weapons
   150 | D:1      | Found a faded altar of an unknown god.
   274 | D:1      | HP: 3/16 [ball python (2)]
   276 | D:1      | Reached XP level 2. HP: 3/23 MP: 2/2
   620 | D:1      | 620 ||| UPGRADING to +1 pair of gloves.
   625 | D:1      | 625 ||| UPGRADING to +0 leather armour.
   635 | D:1      | 635 ||| DROPPING +0 robe.
   636 | D:1      | 636 ||| UPGRADING to amulet of guardian spirit.
   641 | D:1      | 641 ||| READING 3 scrolls labelled SUAREH QESO.
   642 | D:1      | 642 ||| READING scroll labelled KUIHECRUOS.
   645 | D:1      | 645 ||| READING scroll labelled XOGIRE ZUAL.
   646 | D:1      | 646 ||| READING 2 scrolls of identify.
   646 | D:1      | 646 ||| IDENTIFYING brown potion
   647 | D:1      | 647 ||| DROPPING scroll of poison.
   666 | D:2      | Found a sacrificial altar of Ru.
   675 | D:2      | 675 ||| STAIRDANCE
   691 | D:2      | 691 ||| STAIRDANCE
   698 | D:1      | Reached XP level 3. HP: 20/29 MP: 1/3
   735 | D:2      | 735 ||| STAIRDANCE
   776 | D:2      | 776 ||| FLEEEEING.
   777 | D:2      | 777 ||| FLEEEEING.
   782 | D:2      | 782 ||| STAIRDANCE
   832 | D:2      | Reached skill level 4 in Ranged Weapons
   998 | D:2      | Reached XP level 4. HP: 36/36 MP: 4/4
  1178 | D:2      | HP: 6/36 [gnoll/+0 spear (4)]
  1179 | D:2      | 1179 ||| DRINKING potion of heal wounds.
  1185 | D:2      | Reached skill level 5 in Ranged Weapons
  1454 | D:2      | 1454 ||| READING 4 scrolls of identify.
  1454 | D:2      | 1454 ||| IDENTIFYING fuming blue potion
  1455 | D:2      | 1455 ||| READING 3 scrolls of identify.
  1455 | D:2      | 1455 ||| IDENTIFYING sapphire potion
  1511 | D:3      | Found a radiant altar of Vehumet.
  1717 | D:3      | Reached skill level 3 in Fighting
  1718 | D:3      | Reached XP level 5. HP: 45/45 MP: 5/5
  1865 | D:3      | Noticed Ijyb
  1874 | D:3      | Killed from afar by Ijyb

Levels and vault maps discovered:
D:1:      lordsloth_arrival_two_stooges, layout_rooms, serial_aquarium,
          aquarium_bridge_straight [aquarium_subvault_bridge,
          aquarium_subvault_wall, aquarium_subvault_bridge,
          aquarium_subvault_wall], aquarium_bridge_straight
          [aquarium_subvault_bridge, aquarium_subvault_wall,
          aquarium_subvault_bridge, aquarium_subvault_wall],
          aquarium_window_corridor_2, aquarium_window_1, aquarium_window_corner,
          aquarium_window_corner, aquarium_view_2c,
          shapermc_ecumenical_altar_mp_highgroup
D:2:      layout_rooms, basic_altar
D:3:      kennysheep_goblin_castle, layout_rooms, nicolae_vehumet_altar_sigil

Skill      XL: |  1  2  3  4 |
---------------+-------------+-----
Ranged Weapons | 3 4 5 |  5.3
Fighting       | 2 3 |  3.0
Dodging        | |  2.1
Spellcasting   | |  1.0
Hexes          | |  2.0

Action                     |  1- 3 |  4- 6 || total
---------------------------+-------+-------++-------
   Fire: Sling             |   136 |   133 ||   269
    Use: Scroll            |     4 |     2 ||     6
         Potion            |       |     1 ||     1
 Armour: Robe              |     6 |       ||     6
         Leather armour    |    29 |    23 ||    52
  Dodge: Dodged            |    55 |    50 ||   105

Table legend:
 A = Non-vault XP
 B = Vault XP
 C = Vault XP percentage of total XP
 D = Non-vault monster count
 E = Vault monster count
 F = Vault count percentage of total count
                 A         B        C        D         E       F
            +---------+---------+-------+---------+---------+-------
      Total |     198 |      20 |   9.2 |      53 |      11 |  17.2
            +---------+---------+-------+---------+---------+-------
        D:1 |      40 |       0 |   0.0 |      17 |       0 |   0.0
        D:2 |     126 |       0 |   0.0 |      24 |       0 |   0.0
        D:3 |      32 |      20 |  38.5 |      12 |      11 |  47.8
            +---------+---------+-------+---------+---------+-------
